Construct Section Command Post
Construct Platoon Command Post
Selects Air and Sea Battlegroup
Unlock M3 Stuart Light Tanks
Selects Commando Section Paradrop
Commando Section Paradrop
Construct Company Command Post
Unlock M3 Grant Medium Tanks
Selects Centaur Medium Tank
Selects Naval Bombardment
Commando Section Paradrop
Selects Commando LMG Section Paradrop
Selects Anti-tank Rocket Loiter